 Dungeon Crawl Stone Soup version 0.29.1-12-g30fa7ad0bf (webtiles) character file.

Game seed: 4903168537283826256

3719 Veeg the Covert (level 10, -10/91 HPs)
             Began as a Naga Brigand on Dec 22, 2022.
             Was a Plaything of Xom.
             Mangled by Duvessa
             ... wielding a +0 rapier
              (18 damage)
             ... on level 7 of the Dungeon.
             The game lasted 00:51:07 (6933 turns).

Veeg the Covert (Naga Brigand)                      Turns: 6933, Time: 00:51:08

Health: -10/91     AC: 11    Str: 19 (22) XL:     10   Next: 14%
Magic:  11/11      EV: 11    Int: 10 (12) God:    Xom [..*...]
Gold:   230        SH:  0    Dex: 13 (16) Spells: 9/11 levels left

rFire   + . .      SeeInvis +   k - +4 dagger (protect)
rCold   . . .      Faith    .   (no shield)
rNeg    . . .      Spirit   .   b - +1 robe
rPois   +          Reflect  .   (no helmet)
rElec   +          Harm     .   c - +0 cloak
rCorr   .          Rampage  .   H - +2 pair of gloves
Will    +....                   (no barding)
Stlth   +++++.....              r - amulet of regeneration
HPRegen 1.05/turn               g - ring of protection from fire
MPRegen 0.12/turn               (no ring)

@: very slow
A: AC +3, large, see invisible, deformed body, poison resistance, slowness 2,
spit poison 1, naga tail 1, stinger 2, iridescent scales 1, agile 1, clever 1,
electricity resistance, strong 2, wild magic 3
a: Spit Poison, Renounce Religion


You were on level 7 of the Dungeon.
You worshipped Xom.
You were a toy of Xom.
You visited 1 branch of the dungeon, and saw 7 of its levels.

You collected 398 gold pieces.
You spent 168 gold pieces at shops.

Inventory:

Hand Weapons
 a - a +3 dagger
 k - a +4 dagger of protection (weapon)
 q - a +0 great sword
Missiles
 x - 6 boomerangs (quivered)
 y - 6 poisoned darts
Armour
 b - a +1 robe (worn)
 c - a +0 cloak (worn)
 H - a +2 pair of gloves (worn)
Jewellery
 g - a ring of protection from fire (left hand)
 n - a ring of positive energy
 o - a ring of positive energy
 r - an amulet of regeneration (around neck)
Wands
 h - a wand of digging (17)
Scrolls
 m - a scroll of noise
 w - 2 scrolls of magic mapping
 A - 2 scrolls of vulnerability
 E - a scroll of amnesia
Potions
 d - a potion of magic
 e - 2 potions of ambrosia
 i - a potion of brilliance {unknown}
 j - 2 potions of degeneration
 p - a potion of mutation {unknown}
 B - a potion of resistance
 G - 2 potions of flight
Miscellaneous
 D - a phial of floods (inert)


   Skills:
 * Level 5.8 Fighting
 * Level 6.4 Short Blades
 * Level 4.1 Throwing
 * Level 3.3 Armour
 * Level 5.1 Dodging
 * Level 11.6 Stealth
 * Level 1.0 Spellcasting
 * Level 3.4 Evocations


You had 9 spell levels left.
You knew the following spells:

 Your Spells              Type           Power      Damage    Failure   Level
a - Scorch                Fire           0%         2d5       71%         2

Your spell library contained the following spells:

 Spells                   Type           Power      Damage    Failure   Level
 Ignition                 Fire           0%         3d3       100%        8
 Fire Storm               Conj/Fire      0%         5d1       100%        9


Dungeon Overview and Level Annotations

Branches:
Dungeon (7/15)             Temple (0/1) D:5

Altars:
Elyvilon
Hepliaklqana
Nemelex Xobeh
Qazlal
Sif Muna
Xom

Shops:
D:1 [   D:3 ?   D:6 *

Annotations:
D:7 Duvessa


Innate Abilities, Weirdness & Mutations

Your serpentine skin is tough. (AC +3)
You have supernaturally acute eyesight. (SInv)
Armour fits poorly on your strangely shaped body.
Your system is resistant to poisons. (rPois)
You cover ground very slowly.
You can spit poison.
You have a snake-like lower body.
Your tail ends in a sharp venomous barb.
You are partially covered in iridescent scales. (AC +2)
You are agile. (Dex +4, Str/Int -1)
Your mind is acute. (Int +4, Str/Dex -1)
You are resistant to electric shocks. (rElec)
Your muscles are very strong. (Str +8, Int/Dex -2)
Your spells are much harder to cast, but much more powerful.


Message History

Aiming: Spit Poison (1% risk of failure)
Press: ? - help, Shift-Dir - straight line, f/p - Duvessa
Aim: Duvessa, wielding a +0 rapier and wearing a +3 leather armour (lightly wounded, berserk, 69% to hit)
The splash of poison hits Duvessa but does no damage.
Duvessa is poisoned.
Duvessa is lightly wounded.
Duvessa hits you but does no damage. Duvessa hits you with a +0 rapier!
Duvessa completely misses you.
There is an open door here.
Duvessa hits you but does no damage.
Duvessa rages.
Duvessa barely misses you.
You have got your breath back.
Duvessa hits you with a +0 rapier!
* * * LOW HITPOINT WARNING * * *
You are starting to lose your buoyancy.
Duvessa looks more healthy.
Duvessa hits you with a +0 rapier!
* * * LOW HITPOINT WARNING * * *
It was a potion of degeneration.
There was something very wrong with that liquid.
You feel weakened.
You feel dopey.
You feel clumsy. Duvessa closely misses you. Duvessa misses you.
It was a potion of curing.
You feel better. Duvessa closely misses you.
Duvessa rages.
Duvessa misses you. Duvessa hits you with a +0 rapier.
* * * LOW HITPOINT WARNING * * *
Duvessa closely misses you. Duvessa hits you with a +0 rapier.
* * * LOW HITPOINT WARNING * * *
You feel better. Duvessa hits you with a +0 rapier!
* * * LOW HITPOINT WARNING * * *
Okay, then.
Duvessa attacks as you move away! Duvessa barely misses you.
Duvessa hits you with a +0 rapier!
* * * LOW HITPOINT WARNING * * *
You float gracefully downwards.
Duvessa hits you but does no damage.
Duvessa rages.
Duvessa barely misses you. Duvessa hits you with a +0 rapier!!
You die...
Xom giggles madly!

'.#...##..##...#....#######
#..........#...#....##....#
#.#........#..#####'##...#
...#.......#..##....##†..#
#.##..##..##.........#...# ..#
#..##........##..#####
..###+##............##..###.##
......#......................#
...†..'........e@............#
.###..###########..###'####..#
## #.)# #.###.###..###..######
.....#...................#
.......#......(............#
.......(.......##..##.....##
.......#....... ###########
.####..###.##.. . #..# # ###


You could see Duvessa (berserk).

Vanquished Creatures
  Pikel (D:7)
  A moth of wrath (shapeshifter) (D:3)
  Eustachio (D:5)
  An acid dragon (D:6)
  A water moccasin (shapeshifter) (D:6)
  A water moccasin (D:7)
  An ice beast (D:7)
  2 black bears
  An ogre (D:4)
  A lemure (D:7)
  Blork the orc (D:4)
  2 bullfrogs
  6 necrophages
  2 scorpions
  3 wights (D:7)
  Dowan (D:7)
  A howler monkey (D:7)
  A jelly (D:6)
  2 orc priests (D:5)
  2 gnoll boudas
  4 hounds
  2 orc wizards
  Natasha (thrice) (D:4)
  4 iguanas
  11 gnolls
  6 adders
  3 shadow imps
  3 white imps
  A worm (D:2)
  3 dart slugs
  26 orcs
  5 endoplasms
  7 giant cockroaches
  7 goblins
  2 hobgoblins
  2 jackals (D:3)
  7 quokkas
  11 ball pythons
  9 bats
  2 frilled lizards
  3 kobolds
  11 rats
164 creatures vanquished.

Vanquished Creatures (collateral kills)
  A black bear (D:4)
  5 wights (D:6)
  An adder (D:6)
  A white imp (D:6)
8 creatures vanquished.

Vanquished Creatures (others)
  9 fungi (D:4)
  5 plants (D:5)
14 creatures vanquished.

Grand Total: 186 creatures vanquished

Notes
Turn   | Place    | Note
-------+----------+-------------------------------------------
     0 | D:1      | Veeg the Naga Brigand began the quest for the Orb.
     0 | D:1      | Reached XP level 1. HP: 19/19 MP: 1/1
    63 | D:1      | Reached skill level 6 in Stealth
   144 | D:1      | Reached XP level 2. HP: 11/26 MP: 2/2
   505 | D:1      | Found a faded altar of an unknown god.
   546 | D:1      | Reached skill level 1 in Dodging
   588 | D:1      | Prayed at the altar of an unknown god.
   588 | D:1      | Became a worshipper of Xom of Chaos
   657 | D:1      | Reached XP level 3. HP: 17/32 MP: 3/3
   686 | D:1      | Found Jemnirem's Antique Armour Boutique.
   944 | D:2      | Reached skill level 7 in Stealth
   993 | D:2      | XOM: silly message
  1017 | D:2      | You fall into a shaft and drop 2 floors!
  1035 | D:4      | Noticed Natasha
  1048 | D:4      | Killed Natasha
  1049 | D:4      | Reached XP level 4. HP: 20/40 MP: 4/4
  1131 | D:4      | Found a white marble altar of Elyvilon.
  1347 | D:4      | Noticed a necrophage
  1368 | D:4      | XOM: potion effect (haste)
  1377 | D:4      | Killed a necrophage
  1378 | D:4      | Reached XP level 5. HP: 46/46 MP: 5/5
  1502 | D:4      | Noticed a black bear
  1504 | D:4      | XOM: cleaving
  1516 | D:4      | XOM: 1-stop teleportation journey
  1518 | D:4      | Noticed Blork the orc
  1526 | D:4      | Killed Blork the orc
  1527 | D:4      | Reached skill level 1 in Armour
  1527 | D:4      | Reached skill level 8 in Stealth
  1527 | D:4      | Reached XP level 6. HP: 30/55 MP: 6/6
  1533 | D:4      | Noticed a black bear
  1556 | D:4      | Killed a black bear
  1558 | D:4      | XOM: cleaving
  1576 | D:4      | XOM: summons 6 friendly demons
  1582 | D:4      | Killed a black bear
  1614 | D:4      | XOM: potion effect (invisibility)
  1616 | D:4      | Reached XP level 7. HP: 60/62 MP: 7/7
  1630 | D:4      | XOM: divination: detect items
  1846 | D:4      | Found a sparkling altar of Nemelex Xobeh.
  1903 | D:4      | XOM: potion effect (curing)
  2141 | D:4      | Noticed Natasha
  2141 | D:4      | XOM: silly message
  2156 | D:4      | Killed Natasha
  2199 | D:4      | XOM: silly message
  2240 | D:4      | Noticed Natasha
  2245 | D:4      | Killed Natasha
  2311 | D:3      | Noticed a glowing shapeshifter
  2311 | D:3      | a goblin changed into a glowing shapeshifter
  2311 | D:3      | XOM: polymorph goblin -> glowing shapeshifter
  2314 | D:3      | Noticed a redback
  2314 | D:3      | a glowing shapeshifter changed into a redback
  2317 | D:3      | Noticed a moth of wrath
  2317 | D:3      | a redback changed into a moth of wrath
  2323 | D:3      | Killed a moth of wrath
  2324 | D:3      | Reached skill level 9 in Stealth
  2324 | D:3      | Reached skill level 1 in Evocations
  2324 | D:3      | Reached XP level 8. HP: 66/72 MP: 8/8
  2391 | D:3      | XOM: 2-stop teleportation journey
  2570 | D:3      | Found a stormy altar of Qazlal.
  2671 | D:3      | XOM: scenery: create altars
  2734 | D:3      | Found Toufad's Magic Scroll Boutique.
  2745 | D:3      | Bought a scroll of identify for 24 gold pieces
  2745 | D:3      | Bought a scroll of identify for 24 gold pieces
  2745 | D:3      | Bought a scroll of identify for 24 gold pieces
  2745 | D:3      | Bought a scroll of poison for 48 gold pieces
  2745 | D:3      | Bought a scroll of identify for 24 gold pieces
  2745 | D:3      | Bought a scroll of identify for 24 gold pieces
  2889 | D:3      | XOM: give mutations
  2889 | D:3      | Gained mutation: Your mind is acute. (Int +4, Str/Dex -1)
                  | [Xom's grace]
  2889 | D:3      | Gained mutation: You are resistant to electric shocks.
                  | (rElec) [Xom's grace]
  2889 | D:3      | Gained mutation: Your muscles are strong. (Str +4, Int/Dex
                  | -1) [Xom's grace]
  2932 | D:3      | XOM: god gift: phial of floods
  3080 | D:2      | You fall into a shaft and drop 2 floors!
  3563 | D:2      | XOM: give mutations
  3563 | D:2      | Gained mutation: Your tail ends in a venomous barb. [Xom's
                  | grace]
  3563 | D:2      | Gained mutation: You have a pair of small horns on your
                  | head. [Xom's grace]
  3563 | D:2      | Gained mutation: You are partially covered in iridescent
                  | scales. (AC +2) [Xom's grace]
  3636 | D:5      | Entered Level 5 of the Dungeon
  3676 | D:5      | Found a shimmering blue altar of Sif Muna.
  3791 | D:5      | Found a staircase to the Ecumenical Temple.
  3803 | D:5      | Found a hazy altar of Hepliaklqana.
  3805 | D:5      | Found a shimmering altar of Xom.
  3806 | D:5      | Noticed a spectral ugly thing
  3938 | D:5      | XOM: smoke on damage
  3952 | D:5      | Reached skill level 10 in Stealth
  4092 | D:5      | XOM: silly message
  4144 | D:5      | XOM: give mutation
  4144 | D:5      | Lost mutation: You have a pair of small horns on your head.
                  | [Xom's mischief]
  4184 | D:5      | XOM: 3-stop teleportation journey
  4260 | D:5      | Noticed Eustachio
  4265 | D:5      | Killed Eustachio
  4266 | D:5      | Reached skill level 5 in Short Blades
  4792 | D:5      | Reached XP level 9. HP: 79/79 MP: 9/9
  5041 | D:5      | XOM: give mutations
  5041 | D:5      | Gained mutation: Your spells are a little harder to cast,
                  | but a little more powerful. [Xom's grace]
  5041 | D:5      | Gained mutation: Your muscles are very strong. (Str +8,
                  | Int/Dex -2) [Xom's grace]
  5041 | D:5      | Gained mutation: Your spells are harder to cast, but more
                  | powerful. [Xom's grace]
  5244 | D:6      | XOM: 9-stop teleportation journey
  5267 | D:6      | XOM: summons friendly quasit
  5309 | D:6      | XOM: polymorph iguana -> shapeshifter
  5309 | D:6      | Noticed a guardian serpent
  5309 | D:6      | a shapeshifter changed into a guardian serpent
  5328 | D:6      | Found Karch's Neck Hole.
  5335 | D:6      | XOM: enchant monster (bad)
  5344 | D:6      | XOM: confuse monster(s)
  5353 | D:6      | XOM: give mutations
  5353 | D:6      | Gained mutation: Your spells are much harder to cast, but
                  | much more powerful. [Xom's grace]
  5353 | D:6      | Gained mutation: Your tail ends in a sharp venomous barb.
                  | [Xom's grace]
  5353 | D:6      | Gained mutation: You are agile. (Dex +4, Str/Int -1) [Xom's
                  | grace]
  5361 | D:6      | XOM: cast spell 'Monstrous Menagerie'
  5396 | D:6      | XOM: cast spell 'Summon Mana Viper'
  5396 | D:6      | XOM: smoke on damage
  5402 | D:6      | Reached skill level 5 in Fighting
  5503 | D:6      | Reached skill level 11 in Stealth
  5652 | D:6      | XOM: cloud trail
  5747 | D:6      | XOM: confusion (+ monsters)
  5787 | D:6      | Noticed an unseen horror
  5788 | D:6      | an unseen horror changed into a human
  5792 | D:6      | XOM: divination: magic mapping
  5820 | D:6      | XOM: divination: detect creatures
  6065 | D:6      | XOM: stat loss: -1 Int (11/12)
  6243 | D:7      | XOM: noise
  6478 | D:7      | XOM: noise
  6481 | D:7      | XOM: silly message
  6534 | D:7      | Noticed Pikel
  6542 | D:7      | XOM: divination: detect items
  6543 | D:7      | XOM: potion effect (might)
  6583 | D:7      | Got the Incunabulum of the Pyromaniac
  6585 | D:7      | XOM: cloud trail
  6587 | D:7      | Learned a level 2 spell: Scorch
  6625 | D:7      | XOM: silly message
  6631 | D:7      | Killed Pikel
  6632 | D:7      | Reached skill level 5 in Dodging
  6632 | D:7      | Reached XP level 10. HP: 60/91 MP: 9/11
  6888 | D:7      | Noticed Dowan
  6896 | D:7      | Reached skill level 1 in Spellcasting
  6898 | D:7      | Noticed Duvessa
  6901 | D:7      | Killed Dowan
  6917 | D:7      | XOM: divination: detect creatures
  6933 | D:7      | Mangled by Duvessa

Illustrated notes

Levels and vault maps discovered:
D:1:      elethiomel_arrival_shortcut, layout_rooms, serial_shops,
          nicolae_shop_advertising_works [nicolae_subvault_shop_adworks],
          ebering_ecumenical_altar_mist
D:2:      layout_rooms
D:3:      layout_basic, nicolae_qazlal_scattered_showers, serial_shops,
          nicolae_diamond_shop, serial_park_tiny_1
D:4:      layout_loops_ring, elyvilon_altar_4, lemuel_doored_altar,
          serial_aquarium, aquarium_bridge_straight [aquarium_subvault_bridge,
          aquarium_subvault_wall, aquarium_subvault_bridge,
          aquarium_subvault_wall], aquarium_window_2,
          aquarium_window_corridor_3, aquarium_view_2d, aquarium_view_2g,
          aquarium_pool_side, minivault_5, grunt_decor_fettered,
          grunt_ministairs_6, minivault_5, uniq_natasha, uniq_blork_the_orc
D:5:      layout_loops_corners, regret_index_temple_of_mockery,
          nicolae_sif_muna_condensation, temple_fountains,
          nicolae_zen_rock_garden, st_stairs_8, uniq_eustachio
D:6:      layout_loops_ring, grunt_ministairs_2,
          nicolae_shop_sticking_my_neck_out
D:7:      layout_gridville, minmay_misc_feat_doors, serial_park_tiny_1,
          uniq_pikel, uniq_duvessa

Skill      XL: |  1  2  3  4  5  6  7  8  9 10 |
---------------+-------------------------------+-----
Stealth        | 6 7 8 9 10 11 | 11.6
Dodging        | 1 2 3 5 |  5.1
Throwing       | 2 3 4 |  4.1
Armour         | 1 2 3 |  3.3
Fighting       | 3 4 5 |  5.8
Short Blades   | 3 4 5 6 |  6.4
Evocations     | 1 2 3 |  3.4
Spellcasting   | 1 |  1.0

Action                   |  1- 3 |  4- 6 |  7- 9 | 10-12 || total
-------------------------+-------+-------+-------+-------++-------
Melee: Dagger            |    67 |    63 |   366 |    27 ||   523
       Punch             |       |     2 |     5 |       ||     7
       Headbutt          |       |       |    12 |       ||    12
Throw: Dart              |     9 |     3 |    14 |     2 ||    28
       Throwing net      |       |       |     3 |     1 ||     4
       Boomerang         |       |       |     1 |       ||     1
 Abil: Spit Poison       |    22 |    11 |    80 |     5 ||   118
Evoke: Wand              |       |       |     6 |       ||     6
       Phial of floods   |       |       |     1 |       ||     1
  Use: Scroll            |     3 |     4 |    19 |       ||    26
       Potion            |       |     2 |     4 |     5 ||    11
 Stab: Sleeping          |     6 |     2 |    15 |     1 ||    24
       Invisible         |       |       |     5 |       ||     5
       Held in net/web   |       |       |     1 |     1 ||     2
       Confused          |       |       |     2 |       ||     2
       Petrified         |       |       |     1 |       ||     1
       Distracted        |       |       |       |     1 ||     1
Armor: Robe              |    19 |    23 |   181 |    11 ||   234
       Skin              |       |     7 |    27 |       ||    34
Dodge: Dodged            |    44 |    54 |   203 |    22 ||   323
